 Dungeon Crawl Stone Soup version 0.27-a0-1308-gc08437e49b (webtiles) character file.

Game seed: 8410163000001987622

50 bilbop the Caller (level 3, -5/26 HPs)
             Began as a Merfolk Summoner on June 19, 2021.
             Killed by divine providence
             ... invoked by an orc priest
              (8 damage)
             ... on level 2 of the Dungeon.
             The game lasted 00:20:56 (3935 turns).

bilbop the Caller (Merfolk Summoner)                Turns: 3935, Time: 00:20:57

Health: -5/26      AC:  4    Str:  8    XL:     3   Next: 79%
Magic:  3/6        EV: 12    Int: 15    God:
Gold:   157        SH:  0    Dex: 14    Spells: 5/6 levels left

rFire    . . .     SeeInvis .   a - +0 dagger
rCold    . . .     Faith    .   (no shield)
rNeg     . . .     Spirit   .   l - +0 leather armour
rPois    .         Reflect  .   (no helmet)
rElec    .         Harm     .   (no cloak)
rCorr    .         Rampage  .   c - +0 pair of gloves
Will     .....                  (no boots)
Stlth    ++........             (no amulet)
HPRegen  0.08/turn              g - ring of flight
MPRegen  0.10/turn              (no ring)

@: flying
A: (nimble swimmer 2), mertail
a: no special abilities


You were on level 2 of the Dungeon.
You visited 1 branch of the dungeon, and saw 3 of its levels.

You collected 157 gold pieces.

Inventory:

Hand Weapons
 a - a +0 dagger (weapon)
 b - a +0 hunting sling
Missiles
 d - 63 sling bullets
Armour
 c - a +0 pair of gloves (worn)
 f - a +0 robe
 l - a +0 leather armour (worn)
Jewellery
 g - a ring of flight (left hand)
 i - a ring of fire
Scrolls
 e - 2 scrolls of identify {unknown}
 j - a scroll of enchant armour {unknown}
 k - a scroll of amnesia {unknown}
 n - a scroll of teleportation {unknown}
 o - a scroll of fog {unknown}
 q - a scroll of fear {unknown}
 r - a scroll of torment {unknown}
Potions
 h - a potion of degeneration {unknown}
 m - a potion of curing {unknown}
 p - 2 potions of might {unknown}


   Skills:
 + Level 1.1 Fighting
 + Level 1.0 Short Blades
 + Level 3.2 Dodging
 + Level 2.9 Stealth
 + Level 2.3 Spellcasting
 + Level 4.2 Summonings


You had 5 spell levels left.
You knew the following spells:

 Your Spells              Type           Power      Damage    Failure   Level
a - Summon Small Mammal   Summ           56%        N/A       5%          1

Your spell library contained the following spells:

 Spells                   Type           Power      Damage    Failure   Level
 Call Imp                 Summ           14%        N/A       9%          2
 Call Canine Familiar     Summ           14%        N/A       16%         3
 Summon Guardian Golem    Hex/Summ       8%         N/A       36%         3
 Summon Ice Beast         Ice/Summ       8%         N/A       78%         4
 Summon Lightning Spire   Summ/Air       8%         N/A       78%         4


Dungeon Overview and Level Annotations

Branches:
Dungeon (3/15)

Altars:


Innate Abilities, Weirdness & Mutations

((You are quick and stealthy near water. (Stealth+, EV+, Speed+++)))
Your lower body shifts to a powerful aquatic tail in water.


Message History

You start resting.
Magic restored.
There is a stone staircase leading down, spattered with blood here.
Things that are here:
a +0 dagger; 4 boomerangs; a +0 leather armour You fly downwards.
There is a stone staircase leading up, spattered with blood here.
The orc priest calls down the wrath of Beogh upon you.
Pain shoots through your body!
You fly upwards.
Your summoned ally is left behind.
There is a stone staircase leading down, spattered with blood here.
Things that are here:
a +0 leather armour; 4 boomerangs; a +0 dagger The orc priest invokes the aid of Beogh against you.
Beogh smites you!
Your bat hits the orc priest but does no damage.
The orc priest closely misses you.
Your bat hits the orc priest but does no damage.
The orc priest hits you with a +0 short sword.
You hit the orc priest.
The orc priest is lightly wounded.
Your bat closely misses the orc priest.
Your bat barely misses the orc priest.
The orc priest closely misses you.
You hit the orc priest but do no damage.
The orc priest is lightly wounded.
Your bat misses the orc priest. Your bat hits the orc priest.
Your rat barely misses the orc priest.
The orc priest mumbles some strange prayers to Beogh against you.
Beogh smites you!
Ouch! That really hurt!
* * * LOW HITPOINT WARNING * * *
Your bat barely misses the orc priest.
You hit the orc priest.
The orc priest is moderately wounded.
Your bat hits the orc priest.
Your bat hits the orc priest but does no damage.
Your rat barely misses the orc priest.
The orc priest mumbles some strange prayers to Beogh against you.
Beogh smites you!
You die...

#..# #..##.# #.#.# #..#
#..##†# #.#.. ########..#
#..##.# #....
######†.....#..# #..##.#
###.. #...........#..#
#..##.#####..
#####.......#..#
#............ #.......#r.#
#..##.######.
#.......#ob###..##.######.
#.......#@.b..............
#.......##.###............
#.......##.# ##.##.######.
#.###.#....# #.##.# #...
#.# #.#.##.# #.##.# #...
#.###.#.##.####.##.# #...
#.....#.........##.# #...
#.....####....####.# #...
#.............# ##.####...


You could see an orc priest (ally target), 2 friendly bats and a friendly rat
(summoned).

Vanquished Creatures
  2 orcs (D:2)
  A goblin (D:2)
  A hobgoblin (D:2)
  2 jackals (D:3)
  2 kobolds (D:2)
  A ball python (D:2)
  A bat (D:3)
  A frilled lizard (D:2)
  2 rats (D:2)
13 creatures vanquished.

Vanquished Creatures (collateral kills)
  2 adders (D:2)
  2 worms (D:2)
  5 orcs
  6 endoplasms
  A giant cockroach (D:1)
  A goblin (D:1)
  A jackal (D:3)
  5 ball pythons
  2 bats
  A frilled lizard (D:1)
  2 kobolds (D:2)
  4 rats (D:1)
32 creatures vanquished.

Grand Total: 45 creatures vanquished

Notes
Turn   | Place    | Note
-------+----------+-------------------------------------------
     0 | D:1      | bilbop the Merfolk Summoner began the quest for the Orb.
     0 | D:1      | Reached XP level 1. HP: 13/13 MP: 3/3
   814 | D:1      | Reached XP level 2. HP: 18/20 MP: 1/5
  1727 | D:2      | Reached skill level 1 in Fighting
  1727 | D:2      | Reached XP level 3. HP: 26/26 MP: 1/6
  3144 | D:3      | Reached skill level 1 in Short Blades
  3562 | D:2      | HP: 1/26 [orc (1)]
  3935 | D:2      | Killed from afar by an orc priest

Illustrated notes

Levels and vault maps discovered:
D:1:      dpeg_arrival_refuge, layout_basic, st_stairs_7, minmay_misc_feat_room
D:2:      layout_basic, st_stairs_2
D:3:      layout_rooms, shapermc_ecumenical_altar_hornbeckon

Skill      XL: |  1  2  3 |
---------------+----------+-----
Dodging        | 3 |  3.2
Fighting       | 1 |  1.1
Short Blades   | 1 |  1.0
Stealth        | |  2.9
Spellcasting   | |  2.3
Summonings     | |  4.2

Action                   || total
-------------------------++-------
Melee: Dagger            ||    88
 Cast: Summon Small Mamm ||   112
 Stab: Sleeping          ||     5
       Distracted        ||     2
Armor: Robe              ||     8
       Leather armour    ||    21
Dodge: Dodged            ||    81

Table legend: (Time is in decaauts)
 A = Elapsed time spent in this place.
 B = Non-inter-level travel time spent in this place.
 C = Inter-level travel time spent in this place.
 D = Time resting spent in this place.
 E = Time spent auto-exploring this place.
 F = Levels seen in this place.
 G = Mean time per level.
                   A        B        C        D        E       F      G
               +--------+--------+--------+--------+--------+-----+--------+
         Total |   3936 |   3839 |     97 |   1090 |   2121 |   3 | 1312.0 |
       Dungeon |   3936 |   3839 |     97 |   1090 |   2121 |   3 | 1312.0 |
               +--------+--------+--------+--------+--------+-----+--------+

Top non-repeatable levels by time:
     D:2: 2309 daAuts
     D:1: 1252 daAuts
     D:3: 374 daAuts
